 Dungeon Crawl Stone Soup version 0.18-a0-993-g4a3b7c7 (webtiles) character file.

5645 Duffy the Grappler (level 10, -4/83 HPs)
             Began as a Ghoul Fighter on Jan 4, 2016.
             Was a Follower of Cheibriados.
             Slain by a death knight
             ... wielding a +0 great sword
              (34 damage)
             ... on level 11 of the Dungeon.
             The game lasted 00:13:58 (10695 turns).

Duffy the Grappler (Ghoul Fighter)                 Turns: 10695, Time: 00:13:58

Health: -4/83      AC: 17    Str: 25    XL:     10   Next: 74%
Magic:  9/9        EV:  8    Int:  5    God:    Cheibriados [*.....]
Gold:   144        SH:  0    Dex: 11    Spells: 0 memorised, 9 levels left

rFire  + . .     SeeInvis .       - Unarmed
rCold  + . .     Gourm    .     h - +0 plate armour
rNeg   + + +     Faith    .     (no shield)
rPois  ∞         Spirit   .     (no helmet)
rElec  .         Dismiss  .     (no cloak)
rCorr  .         Reflect  .     (no gloves)
SustAt .         Harm     .     (no boots)
MR     .....                    (no amulet)
Stlth  ..........               C - +5 ring of protection
                                O - ring of protection from fire

@: about to teleport, rotting, very slow, not resistant to hostile enchantments,
extremely unstealthy
A: rotting body, claws 1, carnivore 3, cold resistance 1, negative energy
resistance 3, slow regeneration 1, torment resistance, unbreathing
a: Bend Time, Renounce Religion


You were on level 11 of the Dungeon.
You worshipped Cheibriados.
Cheibriados was aware of your devotion.
You were not hungry.

You visited 2 branches of the dungeon, and saw 12 of its levels.
You also visited: Ossuary.

You collected 749 gold pieces.
You spent 605 gold pieces at shops.


Innate Abilities, Weirdness & Mutations

Your body is rotting away.
You thrive on raw meat.
You are immune to poison.
You have sharp fingernails.
You are carnivorous and can eat meat at any time.
Your flesh is cold resistant.
You are immune to negative energy.
You regenerate slowly when monsters are visible.
You are immune to unholy pain and torment.
You can survive without breathing.


   Skills:
 + Level 5.7 Fighting
 + Level 4.8 Armour
 + Level 3.6 Dodging
   Level 2.6 Shields
 - Level 14.5 Unarmed Combat


You had 9 spell levels left.
You didn't know any spells.

Inventory:

Missiles
 r - 36 poisoned needles
 M - 3 tomahawks (quivered)
Armour
 h - a +0 plate armour (worn)
Jewellery
 A - an uncursed ring of protection from cold
 C - a +5 ring of protection (right claw)
 F - an uncursed ring of flight
 H - a +3 ring of intelligence
 I - an uncursed ring of teleportation
 O - a ring of protection from fire (left claw)
Wands
 x - a wand of cold (12/15)
 L - a wand of random effects (8/48)
Scrolls
 a - 4 scrolls of enchant armour
 b - 4 scrolls of amnesia
 e - 2 scrolls of remove curse
 i - 5 scrolls of random uselessness {unknown}
 k - 2 scrolls of immolation {unknown}
 m - 5 scrolls of recharging
 n - 4 scrolls of teleportation
 o - a scroll of enchant weapon {unknown}
 q - 2 scrolls of magic mapping {unknown}
 s - 2 scrolls of torment {unknown}
 t - 2 scrolls of fog {unknown}
 v - 3 scrolls of blinking
 B - a scroll of noise {unknown}
 G - a scroll of fear {unknown}
Potions
 c - 3 potions of might
 f - 7 potions of curing
 g - 6 potions of agility
 j - 3 potions of heal wounds
 l - a potion of flight
 p - 3 potions of cure mutation
 w - a potion of poison {unknown}
 K - a potion of invisibility {unknown}
Books
 y - a book of Spatial Translocations
 D - a book of Alchemy
 E - a book of Frost
 N - a book of Ice
Miscellaneous
 J - a lantern of shadows
Comestibles
 d - 8 meat rations
 u - 11 slices of pizza
 z - a beef jerky

Dungeon Overview and Level Annotations

Branches:
Dungeon (11/15)            Temple (1/1) D:7
   Lair: D:8-11         Orc: D:9-12

Altars:
Ashenzari
Cheibriados
Dithmenos
Elyvilon
Fedhas
Gozag
Kikubaaqudgha
Makhleb
Nemelex Xobeh
Okawaru
Pakellas
Qazlal
Ru
Sif Muna
Trog
Vehumet
Xom
Yredelemnul
Zin
The Shining One

Shops:
D:4 =   D:8 (


Message History

< or
H - a +3 ring of intelligence; > or
C - a +5 ring of protection You remove your +3 ring of intelligence.
You feel stupid.
O - a ring of protection from fire (left claw)
A death knight comes into view. It is wielding a great sword.
The death knight shouts!
Found 5 gold pieces, a fabulously ornate robe and a falchion.
A skeletal warrior comes into view. It is wielding a flail.
You scratch the wraith.
The wraith is lightly damaged.
The wraith hits you!
The death knight offers itself to Yredelemnul, and fills with unholy energy.
The wraith hits you.
A phantasmal warrior comes into view.
The wraith closely misses you.
The death knight's dark mirror aura disappears.
The wraith hits you but does no damage. The wraith hits you but does no damage.
The death knight closely misses you. The wraith hits you but does no damage.
The phantasmal warrior blinks!
The phantasmal warrior blinks!
The phantasmal warrior blinks!
The wraith hits you but does no damage.
You barely miss the phantasmal warrior.
You claw the phantasmal warrior, but do no damage.
The phantasmal warrior barely misses you.
You barely miss the phantasmal warrior. The phantasmal warrior hits you!!
The death knight offers itself to Yredelemnul, and fills with unholy energy.
The phantasmal warrior barely misses you.
The phantasmal warrior hits you! x2
There is a stone staircase leading down here.
Read which item? (? for menu, Esc to quit)
As you read the scroll of teleportation, it crumbles to dust.
You feel strangely unstable.
The death knight hits you with a great sword!!
You die...

##########....###
##########....###
.........'...[+.#
##...#####.[..#.# #...#
######.##### #...#
#........#
##.[.#######........#
.....##.............####
......'.........@....(..
.....##.......##pW..####
.....##.......##W...#
#######.......##..###
#.......###z#
#.......###.####
########.......#
#.......# #.......#


You could see a death knight, a skeletal warrior, a phantasmal warrior and a
wraith.

Action                   |  1- 3 |  4- 6 |  7- 9 | 10-12 || total
-------------------------+-------+-------+-------+-------++-------
Melee: Unarmed           |   144 |   142 |   530 |   137 ||   953
  Use: Scroll            |       |       |       |    13 ||    13
  Eat: Chunk             |     3 |     8 |    82 |    30 ||   123

Notes
Turn   | Place    | Note
--------------------------------------------------------------
     0 | D:1      | Duffy the Ghoul Fighter began the quest for the Orb.
     0 | D:1      | Reached XP level 1. HP: 19/19 MP: 0/0
    90 | D:1      | Reached skill level 3 in Unarmed Combat
    90 | D:1      | Reached XP level 2. HP: 26/26 MP: 1/1
   370 | D:1      | Reached XP level 3. HP: 28/30 MP: 2/2
   747 | D:2      | Reached skill level 4 in Unarmed Combat
  1210 | D:2      | Found a sparkling altar of Nemelex Xobeh.
  1268 | D:2      | Reached XP level 4. HP: 20/38 MP: 3/3
  1546 | D:2      | Reached skill level 5 in Unarmed Combat
  2001 | D:2      | Reached XP level 5. HP: 31/45 MP: 4/4
  2347 | D:3      | Reached skill level 6 in Unarmed Combat
  2548 | D:3      | Noticed Grinder
  2661 | D:3      | Killed Grinder
  2661 | D:3      | Reached skill level 7 in Unarmed Combat
  2661 | D:3      | Reached XP level 6. HP: 31/51 MP: 5/5
  2806 | D:3      | Reached skill level 8 in Unarmed Combat
  2806 | D:3      | Reached XP level 7. HP: 44/56 MP: 6/6
  2836 | D:3      | Found a burning altar of Makhleb.
  3269 | D:4      | Found Qisiris's Jewellery Shop.
  3277 | D:4      | Reached skill level 9 in Unarmed Combat
  3743 | D:3      | Found an iron altar of Okawaru.
  4153 | D:5      | Entered Level 5 of the Dungeon
  4191 | D:5      | Reached XP level 8. HP: 63/63 MP: 7/7
  4222 | D:5      | Reached skill level 10 in Unarmed Combat
  4277 | D:5      | Found a sand-covered staircase.
  4288 | Ossuary  | Entered an ossuary
  4492 | Ossuary  | Noticed homeworkjunkie's ghost (amateur HOFi)
  4537 | Ossuary  | Killed homeworkjunkie's ghost
  4874 | Ossuary  | Reached skill level 11 in Unarmed Combat
  5365 | D:5      | Reached skill level 12 in Unarmed Combat
  5365 | D:5      | Reached XP level 9. HP: 44/70 MP: 8/8
  5563 | D:5      | Found a white marble altar of Elyvilon.
  5800 | D:6      | Found a shattered altar of Ashenzari.
  5901 | D:6      | Reached skill level 13 in Unarmed Combat
  7222 | D:7      | Reached skill level 14 in Unarmed Combat
  7514 | D:7      | Found a glowing silver altar of Zin.
  7632 | D:7      | Reached XP level 10. HP: 68/77 MP: 9/9
  7658 | D:7      | Found a staircase to the Ecumenical Temple.
  7662 | Temple   | Entered the Ecumenical Temple
  8101 | D:7      | Found a radiant altar of Vehumet.
  8420 | D:8      | Reached skill level 3 in Armour
  8420 | D:8      | Reached skill level 1 in Dodging
  8676 | D:8      | Reached skill level 4 in Fighting
  8868 | D:8      | Found a snail-covered altar of Cheibriados.
  8876 | D:8      | Became a worshipper of Cheibriados the Contemplative
  8881 | D:8      | Found a glowing golden altar of the Shining One.
  8885 | D:8      | Found a sparkling altar of Nemelex Xobeh.
  9034 | D:4      | Bought a +5 ring of protection for 605 gold pieces
  9194 | D:8      | Found Jyteossu's Weapon Emporium.
  9206 | D:8      | Noticed a hill giant
  9214 | D:8      | Killed a hill giant
  9214 | D:8      | Reached skill level 2 in Dodging
  9650 | D:8      | Reached skill level 4 in Armour
 10016 | D:9      | Reached * piety under Cheibriados
 10019 | D:9      | Reached skill level 5 in Fighting
 10232 | D:9      | Reached skill level 3 in Dodging
 10411 | D:10     | Entered Level 10 of the Dungeon
 10531 | D:11     | Killed an unseen horror
 10642 | D:11     | Got a scintillating bone ring
 10644 | D:11     | Identified the ring of Zealua {rPois Stlth-} (You found it on level 11 of the Dungeon)
 10666 | D:11     | Noticed a death knight
 10667 | D:11     | Noticed a skeletal warrior
 10671 | D:11     | Noticed a phantasmal warrior
 10695 | D:11     | Slain by a death knight

Vault maps used:
D:1:      dpeg_arrival_rooms_with_view, serial_corexii_hall,
          corexii_hall_statues_i, corexii_hall_statues_s, bh_walls_and_bars
D:2:      dk_vineyard_3, nemelex_deck
D:3:      makhleb_heckhound_becter, first_bread, okawaru_trees_1, uniq_grinder
D:4:      serial_shops, nicolae_shop_trees
D:5:      kennysheep_mini_moat, enter_ossuary_5
D:6:      ashenzari_conservatory_becter, serial_bayou_lagoon_a
D:7:      old_standard_altar, lemuel_crystal_altar,
          minmay_temple_entry_glassed_door
D:8:      minmay_overflow_temple_star_quad, serial_shops, shop
D:9:      grunt_pizzeria
D:10:     hangedman_cross_cluster, orc_0_dummy, serial_shops, kennysheep_mini,
          minmay_misc_feat_alley, uniq_harold
Temple:   dpeg_five_rooms_temple_12
Ossuary:  minmay_ossuary_two_tombs

Vanquished Creatures
  An unseen horror
  A hill giant Grinder
  The ghost of homeworkjunkie the Covered, an amateur HOFi
  A wyvern
  A human
  2 hippogriffs
  2 sky beasts
  2 orc warriors
  A black bear
  6 ogres
  A phantom
  3 centaurs
  An elf zombie
  2 giant frogs
  3 scorpions
  3 wights
  5 killer bees
  2 crimson imps
  A wasp zombie
  3 centaur zombies
  5 jellies
  A giant frog skeleton
  6 hounds
  2 human zombies
  5 orc priests
  9 orc wizards
  7 iguanas
  4 worker ants
  2 killer bee zombies
  A big kobold zombie
  A hound skeleton
  3 mummies
  14 gnolls
  9 adders
  3 oozes
  An adder skeleton
  An adder zombie
  6 worms
  6 giant geckos
  25 orcs
  10 bats
  4 giant cockroaches
  A gnoll zombie
  10 goblins
  8 hobgoblins
  5 jackals
  17 kobolds
  3 quokkas
  5 ball pythons
  2 giant newts
  A goblin zombie
  3 hobgoblin zombies
  5 jackal zombies
  4 kobold zombies
  3 orc zombies
  A quokka skeleton
  5 quokka zombies
  8 rats
  5 rat zombies
  3 plants
257 creatures vanquished.
